 Dungeon Crawl Stone Soup version 0.14-a0-1663-g0b35444 (webtiles) character file.

854 Nicoed the Chopper (level 7, -3/62 HPs)
             Began as a Minotaur Berserker on Dec 29, 2013.
             Was a Priest of Trog.
             Killed from afar by a giant newt (22 damage)
             ... with an exploding inner flame
             ... on Level 4 of the Dungeon.
             The game lasted 00:17:40 (3517 turns).

Nicoed the Chopper (Minotaur Berserker)             Turns: 3517, Time: 00:17:40

HP  -3/62        AC 14     Str 24      XL: 7   Next: 31%
MP   3/3         EV 10     Int  4      God: Trog [***...]
Gold 187         SH  0     Dex  9      Spells:  0 memorised,  6 levels left

rFire  . . .     SeeInvis .     m - +0,+5 orc hand axe
rCold  . . .     Clarity  .     v - +3 dwarf ring mail
rNeg   . . .     Conserve .     (no shield)
rPois  .         rCorr    .     (helmet restricted)
rElec  .         rRot     .     y - +1 cloak {MR+}
SustAb . .       Spirit   .     q - +0 pair of gloves
rMut   .         Warding  .     n - +0 pair of elf boots
Saprov . . .     Stasis   .     b - amulet of rage
                                (no ring)
                                (no ring)

@: exhausted, somewhat resistant to hostile enchantments, unstealthy
A: retaliatory headbutt, horns 2
a: Burn Spellbooks, Berserk, Trog's Hand, Renounce Religion, Evoke Berserk Rage


You were on level 4 of the Dungeon.
You worshipped Trog.
Trog was most pleased with you.
You were near starving.

You visited 1 branch of the dungeon, and saw 4 of its levels.

You collected 187 gold pieces.

Inventory:

Hand weapons
 i - a +1,+2 hand axe
 m - a +0,+5 orcish hand axe (weapon)
 w - a +4,+4 quarterstaff of chaos
Armour
 n - a +0 pair of elven boots (worn)
 q - a +0 pair of gloves (worn)
 v - a +3 dwarven ring mail (worn)
 y - a +1 cloak of magic resistance (worn)
Magical devices
 a - a wand of digging (9) {unknown}
Comestibles
 f - a choko
 x - 2 bread rations
Scrolls
 c - a scroll of immolation
 e - 2 scrolls of noise
 g - 2 scrolls of magic mapping
 h - 6 scrolls of remove curse
 k - 2 scrolls of amnesia
 s - 3 scrolls of curse armour
Jewellery
 b - an amulet of rage (around neck)
Potions
 d - a potion of agility {unknown}
 j - a potion of curing
 o - a potion of paralysis {unknown}
 r - 2 potions of might
 t - a potion of mutation {unknown}
 u - a potion of brilliance {unknown}


   Skills:
 + Level 5.7 Fighting
 + Level 6.4 Axes
 + Level 5.2 Armour
 + Level 4.3 Dodging
 + Level 1.2 Stealth


You had 6 spell levels left.
You didn't know any spells.

Dungeon Overview and Level Annotations

Branches:
Dungeon (4/16)
 Temple: D:4-7

Altars:


Innate Abilities, Weirdness & Mutations

You reflexively headbutt those who attack you in melee.
You have a pair of horns on your head.


Message History

You hit Nicoed's ghost.
Nicoed's ghost is moderately damaged.
Nicoed's ghost closely misses you. You furiously retaliate!
You headbutt Nicoed's ghost! You slash Nicoed's ghost!
You headbutt Nicoed's ghost, but do no damage.
Nicoed's ghost is almost destroyed.
Nicoed's ghost hits you but does no damage.
You hit Nicoed's ghost. Your headbutt misses Nicoed's ghost.
Nicoed's ghost is almost destroyed.
Nicoed's ghost barely misses you.
You hit the giant newt.
The giant newt explodes!
The fiery explosion engulfs Nicoed's ghost.
Nicoed's ghost resists.
Nicoed's ghost explodes!
The fiery explosion engulfs you!
Your Armour skill increases to level 5!
The fiery explosion engulfs you!
You die...

#. #. # #. #.#. #.#.##
. ....# #.# ##§§# #.#
#.§§# #.# #.#@#####.#
# #.#.......# .##
##.#.#####.####...#
#....# #.......#.#
#.###.####.........#
#.............# #.
#.###..........[......
#....#####.......##<.
####.# ............


There were no monsters in sight!

Vanquished Creatures
  Prince Ribbit (D:4)
  The ghost of Nicoed the Cudgeler, an average MiBe of Trog (D:3)
  3 orc priests
  Crazy Yiuf (D:4)
  An orc wizard (D:3)
  Ijyb (D:4)
  2 adders (D:2)
  2 giant mites
  3 giant geckos
  4 orcs
  A ball python (D:3)
  11 bats
  3 giant cockroaches
  8 hobgoblins
  4 giant newts
  10 goblins
  3 kobolds
  A quokka (D:3)
  7 rats
  A rat skeleton (D:4)
68 creatures vanquished.

Vanquished Creatures (others)
  The ghost of Nicoed the Chopper, an average MiBe of Trog (D:4)
1 creature vanquished.

Grand Total: 69 creatures vanquished

Notes
Turn   | Place    | Note
--------------------------------------------------------------
     0 | D:1      | Nicoed, the Minotaur Berserker, began the quest for the Orb.
     0 | D:1      | Reached XP level 1. HP: 19/19 MP: 1/1
   492 | D:1      | Reached XP level 2. HP: 25/27 MP: 1/1
   546 | D:1      | Reached skill level 4 in Fighting
  1115 | D:2      | Reached XP level 3. HP: 34/34 MP: 2/2
  1154 | D:2      | Acquired Trog's second power
  1986 | D:3      | Noticed Nicoed's ghost (average MiBe)
  1994 | D:3      | Killed Nicoed's ghost
  1994 | D:3      | Reached skill level 5 in Fighting
  1994 | D:3      | Reached XP level 4. HP: 42/42 MP: 2/2
  1994 | D:3      | Reached XP level 5. HP: 48/48 MP: 2/2
  2780 | D:3      | Reached skill level 5 in Axes
  2953 | D:4      | Noticed Prince Ribbit
  2968 | D:4      | Reached XP level 6. HP: 21/56 MP: 3/3
  2978 | D:4      | Killed Prince Ribbit
  2978 | D:4      | Reached skill level 1 in Stealth
  3380 | D:4      | Noticed Ijyb
  3385 | D:4      | Noticed Crazy Yiuf
  3395 | D:4      | Killed Ijyb
  3399 | D:4      | Killed Crazy Yiuf
  3399 | D:4      | Reached skill level 6 in Axes
  3399 | D:4      | Reached XP level 7. HP: 61/61 MP: 3/3
  3508 | D:4      | Noticed Nicoed's ghost (average MiBe)
  3517 | D:4      | Killed Nicoed's ghost
  3517 | D:4      | Reached skill level 5 in Armour
  3517 | D:4      | Killed from afar by a giant newt

Action                   |  1- 3 |  4- 6 |  7- 9 || total
-------------------------+-------+-------+-------++-------
Melee: Hand axe          |    91 |    57 |     6 ||   154
       Quarterstaff      |       |       |     3 ||     3
Invok: Berserk           |     1 |     2 |     1 ||     4
  Use: Scroll            |     4 |     5 |     3 ||    12
       Potion            |     1 |     2 |     1 ||     4
